 Dungeon Crawl Stone Soup version 0.20.1-1-g8b1a95d (webtiles) character file.

230726 Blomdor the Warrior (level 19, -49/167 HPs)
             Began as a Barachi Venom Mage on Sept 21, 2017.
             Was the Champion of Cheibriados.
             Killed from afar by a halazid warlock (84 damage)
             ... with a ghostly fireball
             ... in the Desolation of Salt on Sept 22, 2017.
             The game lasted 01:44:50 (43890 turns).

Blomdor the Warrior (Barachi Venom Mage)           Turns: 43890, Time: 01:44:51

Health: -49/167    AC: 30    Str: 49    XL:     19   Next: 48%
Magic:  0/28       EV: 13    Int: 26    God:    Cheibriados [******]
Gold:   306        SH: 16    Dex: 27    Spells: 21/22 levels left

rFire    + . .     SeeInvis .   e - +9 broad axe
rCold    + . .     Gourm    .   R - +0 shield
rNeg     . . .     Faith    .   E - +0 plate armour {rF+}
rPois    .         Spirit   +   w - +2 helmet
rElec    +         Reflect  .   J - +2 cloak {MR+}
rCorr    .         Harm     .   y - +2 pair of gloves
MR       ++...                  p - +2 pair of boots {Fly}
Stlth    ..........             f - amulet of guardian spirit
Regen    0.4/turn               O - +6 ring of strength
MPRegen  0.3/turn               W - ring "Xuesavaf" {+Fly rElec Str+10 Int-5 Stlth-}

@: lethally poisoned (-49 -> -50), heavily drained, very slow
A: +LOS, swims, molten scales 1, cold resistance 1, slowness 1, strong legs 2
}: 1/15 runes: serpentine
a: Hop, Bend Time, Temporal Distortion, Slouch, Step From Time, Renounce
Religion, Evoke Flight


You were in the Desolation of Salt.
You worshipped Cheibriados.
Cheibriados was exalted by your worship.
You were not hungry.

You visited 6 branches of the dungeon, and saw 30 of its levels.
You also visited: Labyrinth and Desolation.

You collected 2322 gold pieces.
You spent 2016 gold pieces at shops.

Inventory:

Hand Weapons
 e - a +9 broad axe (weapon)
Missiles
 V - 2 throwing nets (quivered)
Armour
 m - a +0 large shield
 p - a +2 pair of boots of flying (worn)
 w - a +2 helmet (worn)
 y - a +2 pair of gloves (worn)
 E - a +0 plate armour of fire resistance (worn)
 J - a +2 cloak of magic resistance (worn)
 R - a +0 shield (worn)
 X - the +0 cloak of the Endless Expanse {*Drain rF+ Int+2 SInv}
   (You found it on level 1 of the Shoals)

   It affects your intelligence (+2).
   It protects you from fire.
   It lets you see invisible.
   It causes draining when unequipped.
Jewellery
 f - an amulet of guardian spirit (around neck)
 i - a +2 ring of evasion
 r - an uncursed ring of fire
 x - an uncursed ring of protection from cold
 B - an uncursed ring of see invisible
 K - a +3 ring of evasion
 O - a +6 ring of strength (left hand)
 P - an uncursed amulet of faith
 W - the ring "Xuesavaf" (right hand) {+Fly rElec Str+10 Int-5 Stlth-}
   (You acquired it on level 1 of the Shoals)

   [ring of flight]

   It affects your strength (+10).
   It affects your intelligence (-5).
   It insulates you from electricity.
   It lets you fly.
   It makes you less stealthy.
Wands
 l - a wand of lightning (12/15)
 L - a wand of lightning (8/15)
 M - a wand of digging (13/24)
 N - a wand of acid (5/15)
Scrolls
 a - 9 scrolls of remove curse
 d - 2 scrolls of blinking
 h - 4 scrolls of teleportation
 t - 5 scrolls of recharging
 z - 5 scrolls of magic mapping
 A - 4 scrolls of enchant armour
 C - 7 scrolls of fog
 F - 7 scrolls of fear
 H - 3 scrolls of identify
 Q - 2 scrolls of enchant weapon
 S - 3 scrolls of immolation
 T - a scroll of summoning
Potions
 g - 6 potions of heal wounds
 k - 3 potions of resistance
 n - 18 potions of curing
 o - a potion of magic
 q - 8 potions of brilliance
 u - 3 potions of lignification
 v - 5 potions of flight
 D - 6 potions of mutation
 G - 3 potions of invisibility
 I - 4 potions of agility
 U - 2 potions of might
Books
 b - a Young Poisoner's Handbook

   Spells                             Type                      Level
   a - Sting                          Conjuration/Poison           1
   b - Poisonous Vapours              Poison/Air                   2
   c - Mephitic Cloud                 Conjuration/Poison/Air       3
   d - Olgreb's Toxic Radiance        Poison                       4
   e - Venom Bolt                     Conjuration/Poison           5
Miscellaneous
 Z - a phantom mirror
Comestibles
 c - 11 bread rations
 j - 10 meat rations
 s - 5 royal jellies
 Y - 4 chunks of flesh


   Skills:
 * Level 19.6(15.5) Fighting
 - Level 19.1(15.1) Axes
 + Level 13.9(10.3) Armour
 - Level 8.5(5.4) Dodging
 - Level 1.7(0.0) Stealth
 + Level 13.8(10.2) Shields
 - Level 2.1(0.0) Spellcasting
 - Level 1.1(0.0) Conjurations
 - Level 3.2(0.5) Poison Magic
 - Level 13.3(9.7) Invocations


You had 21 spell levels left.
You knew the following spells:

 Your Spells              Type           Power        Failure   Level  Hunger
a - Sting                 Conj/Pois      #...         58%         1    ##.....


Dungeon Overview and Level Annotations

Branches:
Dungeon (15/15)            Temple (0/1) D:6            Lair (6/6) D:11
 Shoals (2/4) Lair:3        Snake (4/4) Lair:3        Slime (0/5) Lair:6
    Orc (2/2) D:11            Elf (1/3) Orc:2        Vaults (0/5) D:14
 Depths (0/5) D:15

Altars:
Ashenzari
Cheibriados
Elyvilon
Fedhas
Gozag
Hepliaklqana
Makhleb
Nemelex Xobeh
Okawaru
Sif Muna
Trog
Xom
Yredelemnul
Zin
The Shining One
Jiyva

Shops:
D:8 [   D:10 ?   D:14 (=(*   Orc:2 !!?*   Snake:1 :**   Snake:4 (

Annotations:
D:7 Prince Ribbit
Lair:1 exclusion: oklob plant


Innate Abilities, Weirdness & Mutations

Shadows flee at your approach. (+LOS)
You can swim through water.
You cover ground slowly.
You can hop longer distances.
You are partially covered in molten scales. (AC +2)
Your flesh is cold resistant. (rC+)


Message History

Unknown command.
You closely miss the halazid warlock.
The halazid warlock is severely damaged.
You slash the saltling! You slice the ironbrand convoker!!
You slash the saltling!
You feel sick. You block the saltling's attack.
The saltling hits you but does no damage.
The ironbrand convoker begins to recite a word of recall!
Unknown command.
You hit the halazid warlock.
The halazid warlock is severely damaged.
You hit the saltling but do no damage. You slash the ironbrand convoker!
You slash the saltling! You block the saltling's attack. x2
The halazid warlock points at the saltling and mumbles some strange words.
The saltling's animating energy erupts into ghostly fire!
The ghostly flame explodes!
The ghostly fireball engulfs the saltling.
The saltling completely resists.
The ghostly fireball engulfs you!
You feel drained.
Ouch! That really hurt!
You die...

#####§§.§§..§......
#####.§..).........
#####..............§
#####.............§.
#####.............§§
#####....##########§
#####....#88#8..#
#####....#L.8p.#
#####....#@##
#####....#8p#
#####.#..#p.#
#####....##.# #.
#####....8..#...).
#####........:.#
#####......8####
#####..........
#####.............


You could see 2 servants of whispers, a halazid warlock, an ironbrand convoker
and 5 saltlings.

Vanquished Creatures
  Vashnia (Snake:4)
  Rupert (D:14)
  Polyphemus (Shoals:2)
  Roxanne (D:14)
  9 nagarajas
  A fire giant (D:15)
  Louise (Shoals:1)
  An orc warlord (Orc:2)
  Aizul (Snake:1)
  An imperial myrmidon (Desolation)
  The ghost of Devour the Fighter, a journeyman MiFi of Makhleb (Lair:6)
  A stone giant (D:15)
  2 deep elf demonologists (Elf:1)
  2 halazid warlocks (Desolation)
  Nessos (D:14)
  6 dire elephants (Lair:6)
  A merfolk javelineer (Shoals:2)
  A merfolk impaler (Shoals:2)
  A minotaur (Lab)
  A deep elf high priest (Elf:1)
  An ettin (D:15)
  Josephine (D:11)
  3 ragged hierophants (Desolation)
  2 servants of whispers (Desolation)
  2 peacekeepers (Desolation)
  13 anacondas
  A yaktaur captain (D:15)
  6 hydras
  A rakshasa (D:15)
  6 naga warriors
  Erolcha (Orc:2)
  7 centaur warriors
  2 catoblepae
  A merfolk aquamancer (Shoals:2)
  12 two-headed ogres
  The ghost of Selfish5 the Spear-Bearer, a novice MfGl of Okawaru (D:9)
  3 death yaks
  A merfolk avatar (Shoals:1)
  An ogre mage (D:15)
  A death knight (D:15)
  2 tengu warriors (D:15)
  4 orc high priests (Orc:2)
  Urug (D:14)
  4 deep elf knights (Elf:1)
  6 shock serpents
  24 naga sharpshooters
  Sonja (D:10)
  The ghost of bande the Cleaver, a novice MiBe of Trog (D:7)
  2 skeletal warriors (D:15)
  2 unseen horrors
  A spark wasp zombie (D:15)
  5 sea snakes
  10 naga ritualists
  An ironbrand convoker (Desolation)
  A necromancer (D:15)
  9 ugly things
  3 harpies (Shoals:1)
  A phantasmal warrior (D:15)
  6 orc knights
  5 deep elf archers (Elf:1)
  11 mana vipers
  A wolf spider zombie (D:15)
  A fire giant zombie (D:15)
  4 fauns
  7 deep elf magi
  3 manticores
  5 oklob plants
  5 orc sorcerers
  7 cyclopes
  Joseph (D:8)
  2 centaur zombies
  7 salamanders
  2 guardian serpents
  3 merfolk sirens
  16 elephants
  2 water nymphs (Shoals:1)
  39 black mambas
  A torpor snail (Lair:2)
  2 molten gargoyles (D:13)
  24 naga magi
  9 spiny frogs
  An efreet (D:15)
  2 gargoyles
  A kobold demonologist (D:12)
  2 freezing wraiths
  6 komodo dragons
  A yaktaur (D:14)
  A tengu conjurer (D:13)
  5 trolls
  A wind drake (Shoals:1)
  Grinder (D:6)
  5 merfolk
  18 saltlings (Desolation)
  A hornet (D:13)
  2 harpy skeletons
  An ice dragon zombie (D:15)
  20 blink frogs
  22 slime creatures
  13 hippogriffs
  3 snapping turtles
  2 meliai zombies (D:13)
  9 wraiths
  A centaur simulacrum (D:15)
  An ice dragon skeleton (D:15)
  3 shadows
  5 water elementals
  2 redbacks (Lab)
  46 yaks
  16 humans (D:14)
  3 vampires
  4 wyverns
  3 basilisks
  3 fire elementals (Elf:1)
  10 vampire mosquitoes
  5 hungry ghosts
  A two-headed ogre zombie (D:11)
  4 wargs (Orc:2)
  6 swamp worms (D:13)
  39 nagas
  3 acid dragons
  8 water moccasins
  7 porcupines
  46 orc warriors
  5 sky beasts
  5 eyes of draining
  11 ice beasts
  A necrophage (D:8)
  6 phantoms
  A black bear (D:10)
  7 wolves (Lair:5)
  31 centaurs
  15 ogres
  15 crocodiles
  3 big kobolds
  25 bullfrogs
  A wyvern zombie (D:11)
  A water moccasin zombie (D:8)
  A wyvern skeleton (D:11)
  4 scorpions
  A troll zombie (D:11)
  12 wights
  17 killer bees
  3 electric eels
  8 crimson imps
  4 howler monkeys
  2 quasits
  9 jellies
  8 lava snakes
  6 human zombies (D:8)
  28 orc priests
  4 bullfrog skeletons
  5 hounds
  5 centaur skeletons
  6 iguanas
  40 orc wizards
  12 worker ants
  A killer bee zombie (D:9)
  7 ogre zombies
  3 hound skeletons
  3 mummies
  A howler monkey zombie (D:5)
  2 worker ant zombies
  21 adders
  5 gnolls
  A howler monkey skeleton (D:6)
  3 shadow imps
  7 oozes
  3 adder skeletons
  17 worms
  6 dart slugs
  11 leopard geckos
  133 orcs
  9 bats
  A giant cockroach (D:5)
  5 goblins
  7 hobgoblins
  22 jackals
  5 quokkas
  4 ball pythons
  5 frilled lizards
  2 goblin skeletons (D:11)
  A goblin zombie (D:11)
  2 hobgoblin skeletons (D:11)
  2 hobgoblin zombies (D:11)
  A jackal skeleton (D:3)
  16 kobolds
  An orc skeleton (D:11)
  16 orc zombies (D:11)
  2 rats (D:2)
  6 fungi
  12 plants
1320 creatures vanquished.

Vanquished Creatures (others)
  Fannar (D:10)
  A sea snake (Shoals:2)
  A cyclops (Shoals:2)
  A saltling (Desolation)
  An orc zombie (D:11)
  12 fungi
  43 plants
  12 withered plants (D:15)
72 creatures vanquished.

Grand Total: 1392 creatures vanquished

Notes
Turn   | Place    | Note
-------+----------+-------------------------------------------
     0 | D:1      | Blomdor the Barachi Venom Mage began the quest for the Orb.
     0 | D:1      | Reached XP level 1. HP: 13/13 MP: 3/3
   183 | D:1      | Reached skill level 1 in Fighting
   193 | D:1      | Reached XP level 2. HP: 22/22 MP: 1/5
  1317 | D:2      | Reached skill level 1 in Axes
  1317 | D:2      | Reached XP level 3. HP: 28/28 MP: 3/6
  1945 | D:2      | Found a glowing silver altar of Zin.
  1967 | D:2      | Reached XP level 4. HP: 34/35 MP: 7/7
  2255 | D:2      | Found an iron altar of Okawaru.
  2574 | D:2      | Reached XP level 5. HP: 31/41 MP: 8/8
  3502 | D:3      | Found a shimmering altar of Xom.
  3512 | D:3      | Reached skill level 5 in Axes
  3757 | D:4      | Reached XP level 6. HP: 45/47 MP: 9/9
  3930 | D:4      | Found a hazy altar of Hepliaklqana.
  4389 | D:4      | Noticed a phantom
  4455 | D:4      | Killed a phantom
  4455 | D:4      | Reached XP level 7. HP: 17/52 MP: 10/10
  4867 | D:5      | Entered Level 5 of the Dungeon
  5044 | D:5      | Reached skill level 1 in Armour
  5632 | D:5      | Reached XP level 8. HP: 23/61 MP: 11/11
  6411 | D:5      | Reached skill level 5 in Fighting
  7280 | D:5      | Found a snail-covered altar of Cheibriados.
  7297 | D:5      | Became a worshipper of Cheibriados the Contemplative
  7350 | D:5      | Found a glowing golden altar of the Shining One.
  7447 | D:5      | Gained mutation: You are partially covered in molten scales. (AC +2) [potion of mutation]
  7447 | D:5      | Gained mutation: Your flesh is cold resistant. (rC+) [potion of mutation]
  7606 | D:6      | Found a staircase to the Ecumenical Temple.
  8010 | D:6      | Reached XP level 9. HP: 69/69 MP: 12/12
  8012 | D:6      | Noticed Grinder
  8023 | D:6      | Paralysed by Grinder for 7 turns
  8039 | D:6      | Paralysed by Grinder for 5 turns
  8048 | D:6      | Killed Grinder
  8637 | D:6      | Found an opulent altar of Gozag.
  8638 | D:6      | Found a white marble altar of Elyvilon.
  9150 | D:6      | Reached skill level 10 in Axes
  9440 | D:6      | Reached * piety under Cheibriados
  9440 | D:6      | Reached skill level 5 in Armour
  9859 | D:7      | Noticed Prince Ribbit
  9860 | D:7      | Noticed bande's ghost (novice MiBe)
  9919 | D:7      | Killed bande's ghost
  9919 | D:7      | Reached skill level 5 in Dodging
 10538 | D:8      | Reached XP level 10. HP: 62/79 MP: 9/13
 10568 | D:8      | Noticed a two-headed ogre
 10591 | D:8      | Killed a two-headed ogre
 10591 | D:8      | Reached ** piety under Cheibriados
 11076 | D:8      | Noticed Joseph
 11107 | D:8      | Killed Joseph
 11298 | D:8      | Found a basalt altar of Yredelemnul.
 11597 | D:8      | Found a bloodstained altar of Trog.
 11668 | D:8      | Reached *** piety under Cheibriados
 12008 | D:8      | Found Enaisapu's Antique Armour Shop.
 12014 | D:8      | Bought a pair of runed boots for 202 gold pieces
 12291 | D:8      | Found a viscous altar of Jiyva.
 12322 | D:9      | Noticed Selfish5's ghost (novice MfGl)
 12661 | D:9      | Killed Selfish5's ghost
 12661 | D:9      | Reached XP level 11. HP: 45/87 MP: 9/14
 12795 | D:8      | Reached **** piety under Cheibriados
 13674 | D:9      | Found a shattered altar of Ashenzari.
 13779 | D:9      | Reached ***** piety under Cheibriados
 14238 | D:10     | Entered Level 10 of the Dungeon
 14265 | D:10     | Noticed Sonja
 14566 | D:10     | Noticed a two-headed ogre
 14588 | D:10     | Killed a two-headed ogre
 14969 | D:10     | Killed Sonja
 15335 | D:10     | Noticed a two-headed ogre
 15354 | D:10     | Killed a two-headed ogre
 15763 | D:10     | Noticed Fannar
 15792 | D:10     | Killed Fannar
 16031 | D:10     | Found Nugoazof's Magic Scroll Shoppe.
 16040 | D:10     | Bought a scroll of teleportation for 39 gold pieces
 16040 | D:10     | Bought a scroll of teleportation for 39 gold pieces
 16149 | D:11     | Noticed a manticore
 16173 | D:11     | Killed a manticore
 16173 | D:11     | Reached skill level 10 in Fighting
 16173 | D:11     | Reached XP level 12. HP: 45/97 MP: 8/15
 16215 | D:11     | Reached skill level 1 in Invocations
 16351 | D:11     | Found a staircase to the Orcish Mines.
 16370 | D:11     | Reached ****** piety under Cheibriados
 16650 | D:11     | Found a staircase to the Lair.
 16931 | D:11     | Found a sparkling altar of Nemelex Xobeh.
 17265 | Orc:1    | Entered Level 1 of the Orcish Mines
 17652 | Orc:2    | Entered Level 2 of the Orcish Mines
 17652 | Orc:2    | Noticed a two-headed ogre
 17666 | Orc:2    | Killed a two-headed ogre
 17729 | Orc:2    | Reached skill level 10 in Armour
 17809 | Orc:2    | Found a staircase to the Elven Halls.
 17971 | Orc:1    | Found a bloodstained altar of Trog.
 18083 | Orc:1    | Found a deep blue altar of Sif Muna.
 18108 | Orc:1    | Identified Sif Muna's Handbook of Weightlessness
 18447 | Orc:2    | Noticed Erolcha
 18455 | Orc:2    | Killed Erolcha
 18700 | Orc:2    | Noticed an orc high priest
 18723 | Orc:2    | Killed an orc high priest
 19124 | Orc:2    | Reached skill level 15 in Axes
 19149 | Orc:2    | Gained mutation: You can hop longer distances. [Barachi growth]
 19149 | Orc:2    | Reached XP level 13. HP: 106/106 MP: 16/16
 19406 | Lair:1   | Entered Level 1 of the Lair of Beasts
 19941 | Lair:1   | Found a blossoming altar of Fedhas.
 20102 | Lair:1   | Reached skill level 5 in Invocations
 20906 | Lair:3   | Found a staircase to the Snake Pit.
 21217 | Lair:3   | Found a staircase to the Shoals.
 22626 | Lair:4   | Reached XP level 14. HP: 100/115 MP: 15/18
 23936 | Lair:6   | Entered Level 6 of the Lair of Beasts
 24484 | Lair:6   | Found a viscous altar of Jiyva.
 24485 | Lair:6   | Found a staircase to the Slime Pits.
 24603 | Lair:6   | Noticed Devour's ghost (journeyman MiFi)
 24618 | Lair:6   | Killed Devour's ghost
 25261 | Lair:6   | Noticed a dire elephant
 25261 | Lair:6   | Noticed a dire elephant
 25271 | Lair:6   | Killed a dire elephant
 25279 | Lair:6   | Killed a dire elephant
 25279 | Lair:6   | Reached skill level 1 in Shields
 25281 | Lair:6   | Noticed a dire elephant
 25281 | Lair:6   | Noticed a dire elephant
 25293 | Lair:6   | Killed a dire elephant
 25296 | Lair:6   | Killed a dire elephant
 25416 | Lair:6   | Noticed a dire elephant
 25432 | Lair:6   | Killed a dire elephant
 25647 | Lair:6   | Got a shimmering hand axe
 25648 | Lair:6   | Identified the +5 hand axe of the Endless Expanse {venom, *Rage Str+2 Dex+2} (You found it on level 6 of the Lair of Beasts)
 25718 | Lair:6   | Noticed a dire elephant
 25730 | Lair:6   | Killed a dire elephant
 26118 | Lair:6   | Reached XP level 15. HP: 103/124 MP: 18/21
 26409 | Lair:6   | Got a fine tin ring
 26410 | Lair:6   | Identified the ring "Fiteto" {Fire *Corrode Dex+8 SInv Stlth-} (You found it on level 6 of the Lair of Beasts)
 26582 | D:11     | Noticed Josephine
 26595 | D:11     | Killed Josephine
 26720 | Orc:2    | Paralysed by an orc sorcerer for 2 turns
 26727 | Orc:2    | Paralysed by an orc sorcerer for 3 turns
 27311 | Orc:2    | Found Ohaig's General Store.
 27311 | Orc:2    | Found Xaceitwa's Distillery.
 27315 | Orc:2    | Found Xaheiff's Distillery.
 27320 | Orc:2    | Found Ylylimi's Magic Scroll Emporium.
 27322 | Orc:2    | Bought a scroll of enchant armour for 75 gold pieces
 27322 | Orc:2    | Bought a potion of might for 40 gold pieces
 27334 | Orc:2    | Bought 2 potions of curing for 84 gold pieces
 27334 | Orc:2    | Bought a potion of curing for 42 gold pieces
 27334 | Orc:2    | Bought a potion of curing for 42 gold pieces
 27334 | Orc:2    | Bought a potion of heal wounds for 70 gold pieces
 27334 | Orc:2    | Bought a potion of agility for 56 gold pieces
 27336 | Orc:2    | Bought a potion of curing for 51 gold pieces
 27336 | Orc:2    | Bought a potion of resistance for 170 gold pieces
 27336 | Orc:2    | Bought a potion of curing for 51 gold pieces
 27336 | Orc:2    | Bought 2 potions of curing for 102 gold pieces
 27336 | Orc:2    | Bought a potion of curing for 51 gold pieces
 27336 | Orc:2    | Bought a potion of curing for 51 gold pieces
 27336 | Orc:2    | Bought a potion of curing for 51 gold pieces
 27336 | Orc:2    | Bought a potion of might for 68 gold pieces
 27344 | Orc:2    | Bought a scroll of blinking for 127 gold pieces
 27344 | Orc:2    | Bought a scroll of identify for 34 gold pieces
 27344 | Orc:2    | Bought a scroll of identify for 34 gold pieces
 27446 | Orc:2    | Noticed an orc warlord
 27453 | Orc:2    | Killed an orc warlord
 27596 | D:10     | Bought a scroll of enchant armour for 97 gold pieces
 27596 | D:10     | Bought a scroll of enchant armour for 97 gold pieces
 27596 | D:10     | Bought a scroll of noise for 13 gold pieces
 29063 | D:13     | Reached skill level 5 in Shields
 29651 | D:14     | Found a labyrinth entrance.
 29660 | Lab      | Entered a labyrinth
 30390 | D:14     | Found Den Samn's General Store.
 30395 | D:14     | Noticed Roxanne
 30419 | D:14     | Killed Roxanne
 30420 | D:14     | Identified Roxanne's Collected Works on Stones (You took it off Roxanne on level 14 of the Dungeon)
 30452 | D:14     | Noticed Nessos
 30462 | D:14     | Found Sobre's Antique Weapon Shoppe.
 30486 | D:14     | Killed Nessos
 30923 | D:14     | Reached XP level 16. HP: 114/133 MP: 19/23
 31177 | D:14     | Found Ehuwas's Weapon Emporium.
 31361 | D:14     | Found a gate to the Vaults.
 31362 | D:14     | Noticed Urug
 31422 | D:14     | Killed Urug
 31661 | D:14     | Noticed Rupert
 31661 | D:14     | Paralysed by Rupert for 6 turns
 31669 | D:14     | Paralysed by Rupert for 5 turns
 31678 | D:14     | Killed Rupert
 31779 | D:14     | Found Xopu's Jewellery Boutique.
 31836 | D:15     | Entered Level 15 of the Dungeon
 31948 | D:15     | Reached skill level 10 in Invocations
 32047 | D:15     | Reached skill level 15 in Fighting
 32615 | D:15     | Found a staircase to the Depths.
 33011 | D:15     | Found a bloodstained altar of Trog.
 33502 | Shoals:1 | Entered Level 1 of the Shoals
 33533 | Shoals:1 | Noticed Louise
 33552 | Shoals:1 | Killed Louise
 33563 | Shoals:1 | Reached XP level 17. HP: 143/143 MP: 8/25
 33652 | Snake:1  | Entered Level 1 of the Snake Pit
 33673 | Snake:1  | Noticed Aizul
 33688 | Snake:1  | Killed Aizul
 34394 | Snake:1  | Found Peguot's Book Boutique.
 34399 | Snake:1  | Found Achufofu's General Store.
 34400 | Snake:1  | Found Xoff's General Store.
 34401 | Snake:1  | Reached skill level 10 in Shields
 34422 | Snake:1  | Bought a +1 cloak of magic resistance for 330 gold pieces
 34428 | Snake:1  | Identified a scroll of acquirement
 34429 | Snake:1  | Got a slimy scale mail
 34449 | Snake:1  | Identified the +0 scale mail "Huzoong" {Dex+3} (You acquired it on level 1 of the Snake Pit)
 36795 | Snake:3  | Found a burning altar of Makhleb.
 37341 | Snake:4  | Entered Level 4 of the Snake Pit
 37940 | Snake:4  | Found Qefaum's Weapon Emporium.
 38035 | Snake:4  | Noticed Vashnia
 38060 | Snake:4  | Reached XP level 18. HP: 44/154 MP: 10/27
 38076 | Snake:4  | Killed Vashnia
 40930 | Snake:4  | Got a serpentine rune of Zot
 41663 | Shoals:1 | Got a brightly glowing cloak
 41664 | Shoals:1 | Identified the +0 cloak of the Endless Expanse {*Drain rF+ Int+2 SInv} (You found it on level 1 of the Shoals)
 41757 | Shoals:1 | Got a twisted buckler
 41758 | Shoals:1 | Identified the +1 buckler "Yzovvo" {rF+ Regen+ Str-4 Dex+2} (You found it on level 1 of the Shoals)
 42087 | Shoals:1 | Got a sparkling bronze ring
 42088 | Shoals:1 | Identified the ring "Xuesavaf" {+Fly rElec Str+10 Int-5 Stlth-} (You acquired it on level 1 of the Shoals)
 42507 | Shoals:2 | Reached XP level 19. HP: 129/165 MP: 24/28
 42515 | Shoals:2 | Noticed Polyphemus
 42547 | Shoals:2 | Killed Polyphemus
 43144 | Elf:1    | Entered Level 1 of the Elven Halls
 43417 | Elf:1    | Found a ruined gateway.
 43422 | Desolati | Entered the Desolation of Salt
 43890 | Desolati | Killed from afar by a halazid warlock

Skill      XL: |  1  2  3  4  5  6  7  8  9 10 11 12 13 14 15 16 17 18 19 |
---------------+----------------------------------------------------------+-----
Fighting       | 2 3 4 5 7 8 10 11 12 13 14 15 17 18 19 | 19.6
Axes           | 1 2 3 5 7 8 9 10 12 13 15 16 17 18 19 | 19.1
Armour         | 2 4 6 7 9 10 11 12 13 | 13.9
Dodging        | 3 5 7 8 |  8.5
Invocations    | 4 6 8 9 10 12 13 | 13.3
Shields        | 2 5 9 11 13 | 13.8
Stealth        | |  1.7
Spellcasting   | |  2.1
Conjurations   | |  1.1
Poison Magic   | |  3.2

Action                   |  1- 3 |  4- 6 |  7- 9 | 10-12 | 13-15 | 16-18 | 19-21 || total
-------------------------+-------+-------+-------+-------+-------+-------+-------++-------
Melee: Unarmed           |    23 |       |       |       |       |       |       ||    23
       Mace              |    22 |       |       |   416 |    66 |       |       ||   504
       Dagger            |    18 |   316 |   189 |    54 |       |       |       ||   577
       Hand axe          |     5 |    36 |   496 |   788 |       |       |       ||  1325
       War axe           |       |       |       |   300 |     1 |       |       ||   301
       Broad axe         |       |       |       |       |  1124 |  1191 |   144 ||  2459
 Fire: Blowgun           |       |       |    19 |     7 |       |       |       ||    26
 Cast: Sting             |    34 |       |       |       |       |       |       ||    34
Invok: Slouch            |       |       |       |       |       |     6 |     2 ||     8
 Abil: Hop               |     1 |     1 |     3 |     3 |     7 |     7 |       ||    22
       Stop Flying       |       |       |       |     1 |       |       |       ||     1
Evoke: Wand              |       |       |       |       |    11 |       |       ||    11
  Use: Scroll            |     1 |    11 |     7 |    11 |    12 |    18 |     1 ||    61
       Potion            |     1 |     1 |     4 |     3 |     1 |     1 |     1 ||    12
 Stab: Sleeping          |     1 |       |       |       |       |       |       ||     1
       Distracted        |       |       |       |       |       |     1 |       ||     1
       Petrified         |       |       |       |       |       |       |     5 ||     5
       Petrifying        |       |       |       |       |       |       |     3 ||     3
  Eat: Chunk             |     4 |    10 |    15 |    16 |    21 |    13 |     1 ||    80
       Fruit             |       |       |     4 |       |       |       |       ||     4
       Royal jelly       |       |       |     1 |     5 |     2 |     6 |       ||    14
Armor: Robe              |    21 |       |       |       |       |       |       ||    21
       Ring mail         |    16 |    98 |       |       |       |       |       ||   114
       Scale mail        |       |   106 |   288 |       |       |       |       ||   394
       Chain mail        |       |       |    71 |   613 |       |   286 |    35 ||  1005
       Plate armour      |       |       |       |   134 |   749 |   150 |    39 ||  1072
Dodge: Dodged            |    77 |   251 |   345 |  1229 |  1289 |   711 |    53 ||  3955
Block: Shield            |       |       |       |       |       |   864 |   125 ||   989
